 Dungeon Crawl Stone Soup version 0.30-a0-777-ga9a30cbeda (webtiles) character file.

Game seed: 1407910558660594716

3777 sanka the Grappler (level 9, -2/96 HPs)
             Began as a Troll Fighter on Feb 14, 2023.
             Was a Priest of Okawaru.
             Slain by a hell hound (7 damage)
             ... on level 7 of the Dungeon.
             The game lasted 00:10:31 (6746 turns).

sanka the Grappler (Troll Fighter)                  Turns: 6746, Time: 00:10:32

Health: -2/96      AC:  9    Str: 26    XL:     9   Next: 95%
Magic:  11/11      EV: 11    Int:  4    God:    Okawaru [***...]
Gold:   354        SH: 10    Dex: 13    Spells: 6/8 levels left

rFire   . . .      SeeInvis .      - Unarmed
rCold   . . .      Faith    .    b - +0 kite shield
rNeg    . . .      Spirit   .    a - +0 robe
rPois   .          Reflect  .    (helmet restricted)
rElec   .          Harm     .    n - +0 cloak
rCorr   .          Rampage  .    (gloves unavailable)
Will    +....                    (boots unavailable)
Stlth   +++                      A - amulet of magic regeneration
HPRegen 1.16/turn                y - ring of willpower
MPRegen 0.52/turn                B - +4 ring of protection

@: heroic
A: large, unfitting armour, claws 3, regeneration 1, shaggy fur 1, tough skin 1
a: Renounce Religion, Heroism


You were on level 7 of the Dungeon.
You worshipped Okawaru.
Okawaru was most pleased with you.
You visited 1 branch of the dungeon, and saw 7 of its levels.

You collected 546 gold pieces.
You spent 192 gold pieces at shops.


Innate Abilities, Weirdness & Mutations

You are too large for most types of armour.
You have claws for hands.
Your natural rate of healing is unusually fast.
You are covered in fur. (AC +1)
You have tough skin. (AC +1)


   Skills:
 + Level 7.9(12.9) Fighting
 - Level 2.4(7.4) Dodging
 - Level 2.6(7.6) Shields
 - Level 10.0(15.0) Unarmed Combat
 - Level 5.0 Invocations


You had 6 spell levels left.
You knew the following spells:

 Your Spells              Type           Power      Damage    Failure   Level
N - Passwall              Tmut/Erth      0%         N/A       86%         2

Your spell library contained the following spells:

 Spells                   Type           Power      Damage    Failure   Level
 Slow                     Hex            0%         N/A       75%         1
 Ensorcelled Hibernation  Hex/Ice        0%         N/A       86%         2
 Lesser Beckoning         Tloc           0%         N/A       86%         2
 Static Discharge         Conj/Air       0%         2-2/arc   86%         2
 Confusing Touch          Hex            0%         N/A       98%         3
 Gell's Gravitas          Tloc           0%         N/A       98%         3
 Swiftness                Air            0%         N/A       98%         3
 Teleport Other           Tloc           0%         N/A       98%         3
 Vampiric Draining        Necr           0%         2d6       98%         3
 Vhi's Electric Charge    Tloc/Air       0%         N/A       98%         3
 Arcjolt                  Conj/Air       0%         1d10      100%        5
 Lightning Bolt           Conj/Air       0%         1d11      100%        5
 Orb of Destruction       Conj           0%         9d5       100%        7
 Summon Guardian Golem    Hex/Summ       Unusable   N/A       N/A         3
 Spellforged Servitor     Conj/Summ      Unusable   N/A       N/A         7

Inventory:

Missiles
 t - 7 large rocks {=f}
Armour
 a - a +0 robe (worn)
 b - a +0 kite shield (worn)
 n - a +0 cloak (worn)
Magical Staves
 u - a staff of fire
Jewellery
 r - a ring of resist corrosion
 y - a ring of willpower (left claw)
 A - an amulet of magic regeneration (around neck)
 B - a +4 ring of protection (right claw)
Wands
 D - a wand of quicksilver (7)
Scrolls
 d - 7 scrolls of teleportation {@r4}
 f - 3 scrolls of fog
 h - a scroll of immolation {!r}
 i - 2 scrolls of poison {!r}
 k - 3 scrolls of vulnerability {!r}
 l - a scroll of noise {unknown}
 o - a scroll of magic mapping
 p - 4 scrolls of enchant armour
 q - a scroll of torment {unknown}
 v - a scroll of enchant weapon
 x - 2 scrolls of silence {!r}
 z - a scroll of amnesia {unknown}
Potions
 c - 2 potions of might
 e - 9 potions of curing {unknown}
 g - a potion of invisibility {unknown}
 j - 2 potions of flight {unknown}
 m - 2 potions of haste {@q3}
 s - 3 potions of heal wounds {unknown}
 w - 2 potions of lignification {unknown}
 C - 2 potions of cancellation {unknown}
 E - a potion of resistance

Dungeon Overview and Level Annotations

Branches:
Dungeon (7/15)             Temple (0/1) D:5

Altars:
Dithmenos
Kikubaaqudgha
Okawaru
Ru

Shops:
D:6 ?

Annotations:
D:7 1 transporter

▒.....▒▒ ▒▒.....▒▒
▒........ ▒)....▒
▒......▒ ▒........
▒....▒▒ ▒......▒▒
▒........ ▒▒▒ ▒....▒
▒▒.......▒ ▒........
..▒▒▒...▒▒ ▒........▒▒
▒........ ........▒▒▒
▒...©.....▒ ▒...▒▒▒▒▒
..........▒▒▒▒▒▒▒▒▒▒▒▒▒
▒▒▒▒▒≈≈≈≈
...........▒°°☼b©£☼°§▒
▒▒≈≈≈...
...........▒°§§£T[§°☼▒
▒▒≈##....
..........<▒☼§°bh☼☼§☼▒
▒≈≈#.....
...........▒°°§°b°.☼°▒
▒▒≈..≈####
...........▒☼☼°§°☼§°§▒
▒≈≈..≈###.
▒..........▒▒▒▒§°°▒▒▒▒
▒≈...≈)≈.≈
............▒☼§...°°▒
▒≈..≈..##≈
..▒.........▒°☼▒.▒☼☼▒
▒#...≈##≈#
.▒▒▒........▒§°...☼°▒
▒≈.....#.. ▒▒
▒▒.......▒°☼▒©▒☼°▒
▒≈≈.......


You could see a hell hound and 3 fire bats.


Message History

Okawaru accepts your kill.
You are engulfed in blazing flames.
The fire bat barely misses you. You block the fire bat's attack.
You are engulfed in blazing flames.
* * * LOW HITPOINT WARNING * * *
You block the fire bat's attack. The fire bat closely misses you.
The fire bat barely misses you. You block the fire bat's attack.
The hell hound bites you!
* * * LOW HITPOINT WARNING * * *
You are engulfed in blazing flames.
* * * LOW HITPOINT WARNING * * *
The fire bat barely misses you.
The hell hound bites you but does no damage.
The fire bat bites you.
* * * LOW HITPOINT WARNING * * *
You are engulfed in flames.
* * * LOW HITPOINT WARNING * * *
You block the fire bat's attack. The hell hound bites you.
* * * LOW HITPOINT WARNING * * *
Unknown command.
The fire bat attacks as you move away!
The fire bat bites you but does no damage.
The fire bat misses you. The fire bat barely misses you.
The hell hound bites you!
You die...

Action                     |  1- 3 |  4- 6 |  7- 9 || total
---------------------------+-------+-------+-------++-------
  Melee: Unarmed           |   104 |   175 |   226 ||   505
   Cast: Passwall          |       |     2 |       ||     2
 Invoke: Heroism           |       |       |     3 ||     3
    Use: Scroll            |       |       |     9 ||     9
   Stab: Distracted        |       |     1 |       ||     1
         Sleeping          |       |       |     1 ||     1
 Armour: Robe              |    30 |    91 |   106 ||   227
  Dodge: Dodged            |    29 |    81 |    92 ||   202
  Block: Kite shield       |    46 |    63 |   121 ||   230

Levels and vault maps discovered:
D:1:      matt_arrival_los_fun, layout_rooms,
          hellmonk_ecumenical_altar_inner_sanctum
D:2:      layout_rooms, kennysheep_generic_room_11, uniq_robin, uniq_natasha
D:3:      layout_loops_corners, ebering_ghost_rock_garden
D:4:      cheibrodos_quashed, layout_basic, okawaru_gym_becter,
          nicolae_ru_path_of_blood, serial_shops, shop_fountains,
          feat_on_display
D:5:      layout_gridville, nicolae_kikubaaqudgha_miasma_corner,
          nicolae_dithmenos_the_darkroom, minmay_temple_entry_statues_fountains,
          gammafunk_ghost_split, kennysheep_generic_room_5
D:6:      layout_loops_ring, serial_shops, nicolae_shop_crystal,
          kennysheep_generic_room_4
D:7:      gammafunk_cloud_chamber, layout_cave_pods, kennysheep_potato,
          uniq_pikel

Notes
Turn   | Place    | Note
-------+----------+-------------------------------------------
     0 | D:1      | sanka the Troll Fighter began the quest for the Orb.
     0 | D:1      | Reached XP level 1. HP: 22/22 MP: 0/0
   198 | D:1      | Reached XP level 2. HP: 29/29 MP: 1/1
   304 | D:1      | Reached skill level 3 in Fighting
   412 | D:1      | Found a faded altar of an unknown god.
   538 | D:2      | Reached XP level 3. HP: 33/37 MP: 2/2
   547 | D:2      | Reached skill level 3 in Unarmed Combat
   829 | D:2      | Noticed Robin
   840 | D:2      | Killed Robin
   841 | D:2      | Reached XP level 4. HP: 33/45 MP: 3/3
   856 | D:2      | Reached skill level 4 in Unarmed Combat
   971 | D:2      | Noticed Natasha
   978 | D:2      | Killed Natasha
  1005 | D:2      | Noticed Natasha
  1019 | D:2      | Killed Natasha
  1075 | D:2      | Noticed Natasha
  1082 | D:2      | Killed Natasha
  1083 | D:2      | Reached skill level 5 in Unarmed Combat
  1083 | D:2      | Reached XP level 5. HP: 48/53 MP: 4/4
  1636 | D:3      | Found a runed translucent gate.
  1636 | D:3      | Found a runed translucent gate.
  1636 | D:3      | Found a runed translucent gate.
  1638 | D:3      | Noticed zero's ghost (amateur GrEE)
  2275 | D:3      | Killed zero's ghost
  2276 | D:3      | Reached skill level 6 in Unarmed Combat
  2328 | D:4      | Found an iron altar of Okawaru.
  2378 | D:4      | Reached XP level 6. HP: 61/61 MP: 5/5
  2907 | D:4      | Found a sacrificial altar of Ru.
  3024 | D:4      | Found Immuts's Jewellery Emporium.
  3251 | D:4      | Became a worshipper of Warmaster Okawaru
  3385 | D:4      | Learned a level 2 spell: Passwall
  3630 | D:5      | Entered Level 5 of the Dungeon
  3637 | D:5      | Reached skill level 7 in Unarmed Combat
  3698 | D:5      | Found an ancient bone altar of Kikubaaqudgha.
  3718 | D:5      | Reached XP level 7. HP: 55/67 MP: 6/6
  3793 | D:5      | Found a shadowy altar of Dithmenos.
  3869 | D:5      | Reached * piety under Okawaru
  3899 | D:5      | Reached skill level 8 in Unarmed Combat
  3992 | D:5      | Found a runed translucent gate.
  3993 | D:5      | Found a runed translucent gate.
  3994 | D:5      | Found a runed translucent gate.
  3994 | D:5      | Noticed a troll
  3996 | D:5      | Noticed gabibbone's ghost (novice OpFi)
  4079 | D:5      | Found a staircase to the Ecumenical Temple.
  4264 | D:5      | Killed a troll
  4265 | D:5      | Reached skill level 2 in Invocations
  4270 | D:5      | Reached XP level 8. HP: 41/75 MP: 5/8
  4284 | D:5      | Killed gabibbone's ghost
  4285 | D:5      | Reached skill level 9 in Unarmed Combat
  4285 | D:5      | Reached skill level 3 in Invocations
  4366 | D:5      | Reached ** piety under Okawaru
  4409 | D:6      | Reached skill level 4 in Invocations
  4470 | D:5      | Reached skill level 10 in Unarmed Combat
  4478 | D:6      | Reached skill level 5 in Invocations
  4702 | D:6      | Reached XP level 9. HP: 80/84 MP: 11/11
  4905 | D:6      | Found Sutsal's Magic Scroll Emporium.
  4913 | D:6      | Bought a scroll of identify for 22 gold pieces
  4913 | D:6      | Bought a scroll of enchant armour for 82 gold pieces
  4913 | D:6      | Bought 2 scrolls of teleportation for 66 gold pieces
  4913 | D:6      | Bought a scroll of identify for 22 gold pieces
  5157 | D:7      | Reached skill level 4 in Fighting
  5233 | D:7      | Reached skill level 5 in Fighting
  5331 | D:7      | Found a transporter.
  5336 | D:7      | Reached *** piety under Okawaru
  5497 | D:7      | Reached skill level 6 in Fighting
  5510 | D:7      | Noticed Pikel
  5787 | D:7      | Found a transporter.
  6007 | D:7      | Found a transporter.
  6159 | D:7      | Found a transporter.
  6230 | D:7      | Killed Pikel
  6230 | D:7      | Reached **** piety under Okawaru
  6231 | D:7      | Reached skill level 7 in Fighting
  6745 | D:7      | HP: 4/96 [hell hound (6)]
  6746 | D:7      | Slain by a hell hound

Vanquished Creatures
  Pikel (D:7)
  The ghost of gabibbone the Sneak, a novice OpFi (D:5)
  A troll (D:5)
  A fire bat (D:7)
  A steam dragon (D:7)
  2 ice beasts
  2 sky beasts (D:7)
  2 black bears
  An orc warrior (D:6)
  An ogre (D:6)
  A centaur (D:7)
  A kobold brigand (D:6)
  3 phantoms (D:5)
  The ghost of zero the Digger, an amateur GrEE (D:3)
  A lemure (D:6)
  3 bullfrogs
  2 scorpions
  A necrophage (D:5)
  6 wights (D:7)
  A lava snake (D:7)
  2 hounds
  2 quasits (D:4)
  An orc priest (D:5)
  3 jellies
  3 iguanas (D:5)
  Natasha (thrice) (D:2)
  2 orc wizards
  Robin (D:2)
  8 adders
  A shadow imp (D:7)
  A white imp (D:6)
  3 ufetubi
  5 worms
  3 dart slugs
  14 orcs
  4 endoplasms
  3 giant cockroaches
  13 goblins
  8 hobgoblins
  6 jackals
  4 quokkas
  5 ball pythons
  5 bats
  3 frilled lizards (D:1)
  10 kobolds
  5 rats
151 creatures vanquished.
